 Dungeon Crawl Stone Soup version 0.26-b1-32-g5d43845318 (webtiles) character file.

Game seed: 5832643641509123341

256 wakim the Digger (level 6, 0/32 HPs)
             Began as a Gargoyle Earth Elementalist on Jan 13, 2021.
             Was an Initiate of Gozag.
             Killed from afar by Ijyb (12 damage)
             ... with an iceblast
             ... on level 4 of the Dungeon.
             The game lasted 00:29:52 (3604 turns).

wakim the Digger (Gargoyle Earth Elementalist)      Turns: 3604, Time: 00:29:53

Health: 0/32       AC: 11    Str: 12    XL:     6   Next: 16%
Magic:  3/10       EV: 12    Int: 17    God:    Gozag
Gold:   283        SH:  0    Dex: 10    Spells: 6/11 levels left

rFire    . . .     SeeInvis .   s - +0 trident (protect)
rCold    . . .     Faith    .   (no shield)
rNeg     + . .     Spirit   .   d - +0 robe
rPois    ∞         Reflect  .   (no helmet)
rElec    +         Harm     .   g - +0 cloak
rCorr    .         Rampage  .   f - +0 pair of gloves
Will     .....                  k - +2 pair of boots
Stlth    ++........             (no amulet)
HPRegen  0.10/turn              (no ring)
MPRegen  0.12/turn              (no ring)

@: no status effects
A: negative energy resistance 1, electricity resistance, unbreathing,
petrification resistance, miasma immunity, AC +4
a: Renounce Religion, Potion Petition, Call Merchant, Bribe Branch


You were on level 4 of the Dungeon.
You worshipped Gozag.
Gozag was aware of your devotion.
You visited 1 branch of the dungeon, and saw 4 of its levels.
You also visited: Sewer.

You collected 283 gold pieces.

Inventory:

Hand Weapons
 s - a +0 trident of protection (weapon)
Missiles
 b - 113 stones
Armour
 d - a +0 robe (worn)
 f - a +0 pair of gloves (worn)
 g - a +0 cloak (worn)
 k - a +2 pair of boots (worn)
Wands
 o - a wand of digging (6)
Scrolls
 h - a scroll of blinking
 i - 2 scrolls of identify
 l - a scroll of teleportation
 r - a scroll of magic mapping
Potions
 a - a potion of cancellation {unknown}
 c - a potion of mutation {unknown}
 e - a potion of flight
 j - a potion of might {unknown}
 m - a potion of invisibility {unknown}
 n - a potion of berserk rage {unknown}
 p - a potion of magic


   Skills:
 + Level 2.9 Dodging
 - Level 2.7 Stealth
 + Level 3.3 Spellcasting
 + Level 2.5 Conjurations
 - Level 0.7 Transmutations
 + Level 5.1 Earth Magic


You had 6 spell levels left.
You knew the following spells:

 Your Spells              Type           Power        Failure   Level
a - Sandblast             Erth           40%          1%          1
b - Stone Arrow           Conj/Erth      30%          11%         3
c - Magic Dart            Conj           44%          6%          1

Your spell library contained the following spells:

 Spells                   Type           Power        Failure   Level
 Passwall                 Tmut/Erth      10%          8%          2
 Petrify                  Tmut/Erth      12%          45%         4
 Lee's Rapid Deconstruct  Erth           10%          50%         5


Dungeon Overview and Level Annotations

Branches:
Dungeon (4/15)              Sewer (visited)
 Temple: D:4-7

Altars:
Dithmenos
Elyvilon
Gozag
Kikubaaqudgha
Nemelex Xobeh
Sif Muna
Vehumet

Annotations:
D:4 Ijyb


Innate Abilities, Weirdness & Mutations

You are resistant to torment.
Your stone body is resilient. (AC +4)
You are immune to poison.
You resist negative energy. (rN+)
You are resistant to electric shocks. (rElec)
You can survive without breathing.
You are immune to petrification.
You are immune to miasma.


Message History

Confirm with . or Enter, or press ? or * to list all spells.
You don't have enough magic to cast that spell.
Unknown command.
Casting: Sandblast (safe; 1% risk of failure)
Confirm with . or Enter, or press ? or * to list all spells.
You don't have enough magic to cast that spell.
There are monsters nearby!
Unknown command.
Unknown command.
Unknown command.
Casting: Sandblast (safe; 1% risk of failure)
Confirm with . or Enter, or press ? or * to list all spells.
You don't have enough magic to cast that spell.
Unknown command.
Ijyb zaps a wand.
The mass of ice explodes!
The iceblast engulfs you but does no damage.
You hear an angry hiss.
Ijyb zaps a wand.
The mass of ice explodes!
The iceblast engulfs you!
You die...
Your body crumbles into a pile of gold.

#.......# #.#..##.#
#S#..# #S#..).
#g#.###.
#######.#.###.#
#.............#
#.######..##..# #.#
#.@##..#
#.######..##..##
#.##.........<.#
#......#..##...##
#..###.#..##.(.. #..#
#.....#..#
#..###...#<#..#
#.............#
##.##)#.[..<#.####..#


You could see Ijyb and an adder.

Vanquished Creatures
  Purgy (Sewer)
  A centaur (D:3)
  A howler monkey skeleton (D:4)
  An adder (D:3)
  2 oozes
  5 worms (D:3)
  A leopard gecko (D:1)
  A ball python (D:3)
  8 bats
  3 giant cockroaches (D:3)
  2 hobgoblins
  8 jackals
  A quokka (D:4)
  A frilled lizard (D:1)
  4 goblins
  5 kobolds
  10 rats
55 creatures vanquished.

Vanquished Creatures (others)
  4 plants (D:2)
4 creatures vanquished.

Grand Total: 59 creatures vanquished

Notes
Turn   | Place    | Note
-------+----------+-------------------------------------------
     0 | D:1      | wakim the Gargoyle Earth Elementalist began the quest for
                  | the Orb.
     0 | D:1      | Reached XP level 1. HP: 10/10 MP: 3/3
   410 | D:1      | Reached XP level 2. HP: 15/15 MP: 3/5
  1130 | D:2      | Reached skill level 4 in Earth Magic
  1196 | D:2      | Found a shadowy altar of Dithmenos.
  1701 | D:3      | Reached XP level 3. HP: 18/19 MP: 2/6
  1705 | D:3      | Learned a level 3 spell: Stone Arrow
  1706 | D:3      | Found a glowing drain.
  1865 | Sewer    | Entered a sewer
  2003 | Sewer    | Noticed Purgy
  2012 | Sewer    | Killed Purgy
  2013 | Sewer    | Reached skill level 1 in Conjurations
  2013 | Sewer    | Reached XP level 4. HP: 23/24 MP: 1/8
  2013 | Sewer    | Reached XP level 5. HP: 27/28 MP: 1/9
  2176 | D:3      | Noticed a centaur
  2658 | D:3      | Killed a centaur
  2659 | D:3      | Reached skill level 5 in Earth Magic
  2686 | D:3      | Reached XP level 6. HP: 30/32 MP: 5/10
  2734 | D:3      | Found a faded altar of an unknown god.
  2737 | D:3      | Became a worshipper of Gozag Ym Sagoz the Greedy
  3064 | D:3      | Found a white marble altar of Elyvilon.
  3140 | D:3      | Found a radiant altar of Vehumet.
  3144 | D:3      | Found a shimmering blue altar of Sif Muna.
  3144 | D:3      | Found an ancient bone altar of Kikubaaqudgha.
  3158 | D:3      | Identified Vehumet's Papyrus of Confrontation
  3175 | D:3      | Learned a level 1 spell: Magic Dart
  3219 | D:3      | Found a sparkling altar of Nemelex Xobeh.
  3583 | D:4      | Noticed Ijyb
  3604 | D:4      | Killed from afar by Ijyb

Illustrated notes

Levels and vault maps discovered:
D:1:      dpeg_arrival_pond, layout_basic
D:2:      layout_loops_ring, grunt_dithmenos_smoke_and_mirrors, serial_bayou,
          serial_bayou_shore_b, serial_bayou_pond_a, serial_bayou_pond_b,
          serial_bayou_lake_a
D:3:      layout_basic, grunt_temple_overflow_magic_moments,
          general_overflow_altar, marbit_many_paths,
          chequers_ecumenical_altar_grove, cheibrodos_sewer_entry_bend
D:4:      layout_loops_ring, okawaru_altar_gauntlet_db, uniq_ijyb

Skill      XL: |  1  2  3  4  5 |
---------------+----------------+-----
Earth Magic    | 4 5 |  5.1
Dodging        | 2 |  2.9
Conjurations   | 1 2 |  2.5
Spellcasting   | 3 |  3.3
Stealth        | |  2.7
Transmutations | |  0.7

Action                   |  1- 3 |  4- 6 || total
-------------------------+-------+-------++-------
Melee: Dagger            |    38 |       ||    38
       Short sword       |    17 |    17 ||    34
       Trident           |       |    35 ||    35
Throw: Stone             |     2 |       ||     2
 Cast: Sandblast         |    44 |    18 ||    62
       Magic Dart        |       |    13 ||    13
       Stone Arrow       |       |     5 ||     5
  Use: Scroll            |     5 |     4 ||     9
 Stab: Sleeping          |       |     3 ||     3
Armor: Robe              |    36 |    27 ||    63
Dodge: Dodged            |    84 |    46 ||   130
